Map: Ruins of Seras

Players

StarBABcraft

  • Race: Protoss Protoss
  • League: Platinum

Bagain - Winner!

  • Race: Protoss Protoss
  • League: Gold

VOD

Have the link to the VOD?

Description

Time

  • Played on: March 7, 2016, 5:32 a.m.
  • Length: 11:10
Show
View Real Time Build Order
Export as new Build Order

StarBABcraft Protoss 

Build Orders:  

Get SALT Encoding   

  12  0:01  Probe (Chrono Boost)  
  13  0:11  Probe (Chrono Boost)  
  14  0:18  Pylon  
  14  0:23  Probe (Chrono Boost)  
  15  0:36  Probe (Chrono Boost)  
  15  0:39  Gateway  
  16  0:44  Assimilator  
  16  0:50  Assimilator  
  16  0:54  Probe (Chrono Boost)  
  17  1:04  Probe (Chrono Boost)  
  17  1:08  Gateway  
  18  1:15  Probe (Chrono Boost)  
  19  1:30  Cybernetics Core, Probe (Chrono Boost)  
  20  1:41  Probe (Chrono Boost)  
  20  1:46  Pylon  
  21  1:59  Probe (Chrono Boost)  
  22  2:11  Mothership Core (Chrono Boost)  
  24  2:21  Stalker (Chrono Boost)  
  28  2:24  Stalker (Chrono Boost)  
  28  2:27  Pylon  
  28  2:34  Probe (Chrono Boost)  
  29  2:50  Stalker (Chrono Boost)  
  31  2:56  Pylon, Stalker (Chrono Boost)  
  32  3:03  Pylon  
  31  3:23  Probe  
  32  3:39  Nexus  
  30  3:58  Probe  
  27  4:08  Stalker (Chrono Boost)  
  27  4:09  Stalker (Chrono Boost)  
  29  4:18  Robotics Facility  
  29  4:20  Gateway  
  29  4:21  Warp Gate (Chrono Boost)  
  29  4:23  Probe  
  30  4:36  Mothership Core  
  32  4:39  Pylon  
  32  4:44  Stalker  
  34  4:50  Stalker  
  34  4:52  Probe  
  37  5:06  Pylon  
  37  5:07  Probe  
  37  5:08  Probe  
  37  5:11  Observer (Chrono Boost)  
  40  5:15  Sentry  
  42  5:25  Probe  
  42  5:26  Probe  
  44  5:32  Immortal (Chrono Boost)  
  48  5:41  Probe  
  48  5:43  Probe  
  52  5:53  Probe  
  52  5:55  Probe  
  54  6:17  Immortal (Chrono Boost)  
  50  6:35  Zealot x3  
  42  6:52  Immortal (Chrono Boost)  
  46  6:56  Stalker x3  
  35  7:19  Stalker x3  
  39  7:46  Stalker  
  39  7:47  Stalker x2  
  29  8:03  Pylon  
  25  8:10  Pylon  
Show
View Real Time Build Order
Export as new Build Order

Bagain Protoss - Winner!

Build Orders:  

Get SALT Encoding   

  12  0:01  Probe (Chrono Boost)  
  13  0:12  Probe (Chrono Boost)  
  14  0:21  Pylon  
  14  0:25  Probe (Chrono Boost)  
  15  0:39  Probe (Chrono Boost)  
  15  0:40  Gateway  
  16  0:48  Assimilator  
  16  0:50  Probe (Chrono Boost)  
  17  1:01  Probe (Chrono Boost)  
  18  1:12  Probe (Chrono Boost)  
  19  1:22  Probe (Chrono Boost)  
  19  1:24  Pylon  
  20  1:36  Pylon  
  20  1:40  Cybernetics Core  
  20  1:41  Probe (Chrono Boost)  
  20  1:42  Gateway  
  21  1:52  Probe (Chrono Boost)  
  22  1:57  Pylon  
  22  2:02  Probe (Chrono Boost)  
  22  2:03  Assimilator  
  23  2:17  Stalker  
  23  2:19  Warp Gate  
  25  2:26  Pylon  
  25  2:35  Mothership Core (Chrono Boost)  
  29  2:54  Probe (Chrono Boost)  
  30  3:01  Stalker  
  30  3:13  Stalker  
  29  3:29  Probe (Chrono Boost)  
  29  3:31  Stalker  
  32  3:39  Probe (Chrono Boost)  
  32  3:50  Probe (Chrono Boost)  
  33  4:00  Probe (Chrono Boost)  
  34  4:03  Robotics Facility  
  34  4:04  Gateway  
  32  4:11  Probe (Chrono Boost)  
  31  4:21  Probe (Chrono Boost)  
  32  4:32  Probe (Chrono Boost)  
  32  4:36  Stalker  
  32  4:37  Stalker  
  37  4:49  Nexus  
  37  4:52  Immortal (Chrono Boost)  
  41  5:02  Pylon  
  41  5:03  Probe  
  41  5:06  Sentry  
  43  5:14  Stalker  
  45  5:32  Pylon  
  45  5:45  Immortal (Chrono Boost)  
  49  5:51  Stalker x2  
  53  6:25  Stalker x2  
  57  6:27  Immortal (Chrono Boost)  
  57  6:28  Probe  
  57  6:29  Probe  
  63  6:41  Probe  
  62  6:50  Stalker x2  
  60  7:22  Stalker  
  60  7:23  Stalker  
  60  7:25  Immortal (Chrono Boost)  
  54  8:09  Stalker  
  54  8:10  Stalker  
  54  8:15  Gateway  
  54  8:17  Gateway  
  54  8:18  Gateway  
  54  8:36  Probe  
  54  8:38  Probe  
  54  8:42  Pylon  
  54  8:45  Pylon  
  54  8:47  Probe  
  54  8:48  Pylon  
  54  8:50  Probe  
  54  8:57  Probe  
  54  9:00  Stalker x2  
  54  9:02  Probe  
  54  9:08  Immortal (Chrono Boost)  
  54  9:12  Stalker x3  
  54  9:56  Stalker x5  
  54  9:59  Immortal (Chrono Boost)  
  54  10:48  Stalker x3  
  54  10:59  Pylon  
  54  11:01  Pylon  
  54  11:03  Assimilator  
Tags
 
Matchup
PvP
Replay Pack
rep
Add a new tag
Caveats
  • Supply blocks, unpowered buildings, or Contaminate may cause inaccurate times.
  • Supply counts are checked every 10 seconds.